 Dungeon Crawl Stone Soup version 0.31-a0-261-g072fdb8a1f (webtiles) character file.

Game seed: 4948227440322305573

84 qw the Shooter (level 4, 0/36 HPs)
             Began as a Minotaur Hexslinger on July 13, 2023.
             Succumbed to an adder's poison
             ... on level 2 of the Dungeon.
             The game lasted 00:00:31 (1219 turns).

qw the Shooter (Minotaur Hexslinger)                Turns: 1219, Time: 00:00:31

Health: 0/36       AC:  5    Str: 13    XL:     4   Next: 23%
Magic:  4/4        EV: 11    Int: 10    God:
Gold:   9          SH:  0    Dex: 14    Spells: 4/5 levels left

rFire   . . .        Y - +1 sling
rCold   . . .        (no shield)
rNeg    . . .        h - +0 ring mail
rPois   .            (helmet restricted)
rElec   .            (no cloak)
rCorr   .            (no gloves)
SInv    .            (no boots)
Will    .....        (no amulet)
Stlth   +            (no ring)
HPRegen 0.26/turn    (no ring)
MPRegen 0.09/turn

%: no passive effects
@: lethally poisoned (0 -> -2)
A: horns 2, retaliatory headbutt
a: no special abilities


You were on level 2 of the Dungeon.
You visited 1 branch of the dungeon, and saw 2 of its levels.

You collected 9 gold pieces.


Innate Abilities, Weirdness & Mutations

You have a pair of horns on your head.
You reflexively headbutt those who attack you in melee.


   Skills:
 - Level 2.0 Fighting
 + Level 4.5 Ranged Weapons
 - Level 1.2 Armour
 - Level 2.1 Dodging
 - Level 1.0 Spellcasting
 - Level 2.0 Hexes


You had 4 spell levels left.
You knew the following spells:

 Your Spells              Type           Power      Damage    Failure   Level
a - Slow                  Hex            16%        N/A       32%         1

Your spell library contained the following spells:

 Spells                   Type           Power      Damage    Failure   Level
 Inner Flame              Hex/Fire       2%         N/A       82%         3
 Portal Projectile        Hex/Tloc       4%         N/A       82%         3
 Cause Fear               Hex            2%         N/A       97%         4

Inventory:

Hand Weapons
 Y - a +1 sling (weapon)
Armour
 h - a +0 ring mail (worn)
Scrolls
 a - a scroll of fear {unknown}
Potions
 d - a potion of enlightenment {unknown}
 g - 2 potions of curing {unknown}
 j - a potion of might {unknown}
 k - a potion of heal wounds {unknown}

Dungeon Overview and Level Annotations

Branches:
Dungeon (2/15)

Altars:
Yredelemnul


Message History

The adder bites you but does no damage. The endoplasm freezes you.
You are frozen.
A bat comes into view.
The adder bites you but does no damage.
You shoot a sling bullet.
The sling bullet completely misses the adder.
The endoplasm freezes you.
You are frozen.
The adder bites you. The endoplasm closely misses you. You furiously retaliate!
You headbutt the endoplasm. You shoot a sling bullet.
The sling bullet closely misses the adder.
The adder bites you but does no damage. x2
The endoplasm freezes you.
You are frozen.
You shoot a sling bullet.
The sling bullet closely misses the adder.
The sling bullet closely misses the bat.
The adder bites you but does no damage. The endoplasm freezes you.
You are frozen.
The adder barely misses you.
You shoot a sling bullet. The sling bullet misses the adder.
The sling bullet hits the bat.
You kill the bat!
The endoplasm closely misses you. The adder bites you.
The endoplasm misses you. You furiously retaliate!
You headbutt the endoplasm.
You kill the endoplasm!
The adder bites you.
You shoot a sling bullet.
The sling bullet closely misses the adder.
The adder bites you.
You are lethally poisoned!
The adder poisons you!
You shoot a sling bullet.
The sling bullet barely misses the adder.
You feel sick.
The adder barely misses you. x2; You furiously retaliate!
You headbutt the adder.
You kill the adder!
There is a lethal amount of poison in your body!
You die...

######.### # .. #.........
####### . .. #.##...... ......#
#. #. #.##.#.... #####.# #.##?##
#....#..## # #.# ......
#..###.... # #.# #..$# #..####>##
# ##.# #..%# #.......# ####..##
#..@# ##.##.### .......#
#...###### #.#...### #.##.#.#
###........###......##
#.##.#.#...............##..<....#
.<...)......:..........#.........
#......................##.......#
#..#.#..####.#.........##......##
#.......# #.#....####.###....###
#..#.##(# # #....#.....%......#


There were no monsters in sight!

Vanquished Creatures
  4 adders (D:2)
  A dart slug (D:1)
  5 endoplasms
  9 goblins
  2 hobgoblins
  4 quokkas
  6 bats
  3 frilled lizards
  8 kobolds (D:1)
  3 rats (D:1)
45 creatures vanquished.

Notes
Turn   | Place    | Note
-------+----------+-------------------------------------------
     0 | D:1      | qw the Minotaur Hexslinger began the quest for the Orb.
     0 | D:1      | Reached XP level 1. HP: 16/16 MP: 1/1
     0 | D:1      | 0 ||| qw: Version: 0.3-a-52-g30416fa
     0 | D:1      | 0 ||| qw: Game counter: 6971
     0 | D:1      | 0 ||| qw: Melee chars always use a shield: true
     0 | D:1      | 0 ||| qw: God list: Okawaru
     0 | D:1      | 0 ||| qw: Allow faded altars: false
     0 | D:1      | 0 ||| qw: Do Orc after clearing Dungeon:15 true
     0 | D:1      | 0 ||| qw: Do second Lair branch before Depths: true
     0 | D:1      | 0 ||| qw: Lair rune preference: random
     0 | D:1      | 0 ||| qw: Goals: Normal
     0 | D:1      | 0 ||| PLANNING D:1-11
    90 | D:1      | Reached skill level 3 in Ranged Weapons
   121 | D:1      | Reached XP level 2. HP: 23/23 MP: 2/2
   302 | D:1      | Reached XP level 3. HP: 28/29 MP: 3/3
   800 | D:1      | 800 ||| UPGRADING to +0 ring mail.
   810 | D:1      | 810 ||| DROPPING +0 robe.
   811 | D:1      | 811 ||| READING scroll labelled POMUGO NAJ.
   812 | D:1      | 812 ||| READING scroll labelled TIGGOK POECRU.
   813 | D:1      | 813 ||| READING scroll labelled KEORCH VEJATU.
   814 | D:1      | 814 ||| DROPPING scroll of poison.
   867 | D:2      | Found a basalt altar of Yredelemnul.
   923 | D:2      | Reached skill level 4 in Ranged Weapons
  1016 | D:2      | Reached skill level 1 in Armour
  1033 | D:2      | Reached XP level 4. HP: 22/36 MP: 4/4
  1213 | D:2      | HP: 7/36 [adder (3)]
  1216 | D:2      | HP: 3/36 [adder (1)]
  1218 | D:2      | HP: 1/36 [poisoned by an adder]
  1219 | D:2      | Succumbed to an adder's poison

Levels and vault maps discovered:
D:1:      eino_arrival_cavern_d, layout_loops_ring,
          chequers_serial_rivers_micro_d, minmay_surrounded
D:2:      layout_loops_cross, basic_altar

Skill      XL: |  1  2  3 |
---------------+----------+-----
Ranged Weapons | 3 4 |  4.5
Fighting       | 2 |  2.0
Armour         | 1 |  1.2
Dodging        | |  2.1
Spellcasting   | |  1.0
Hexes          | |  2.0

Action                     |  1- 3 |  4- 6 || total
---------------------------+-------+-------++-------
   Fire: Sling             |   103 |    23 ||   126
    Use: Scroll            |     3 |       ||     3
 Armour: Robe              |     3 |       ||     3
         Ring mail         |     7 |    12 ||    19
  Dodge: Dodged            |    21 |    13 ||    34

Table legend:
 A = Non-vault XP
 B = Vault XP
 C = Vault XP percentage of total XP
 D = Non-vault monster count
 E = Vault monster count
 F = Vault count percentage of total count
                 A         B        C        D         E       F
            +---------+---------+-------+---------+---------+-------
      Total |     112 |       8 |   6.7 |      40 |       5 |  11.1
            +---------+---------+-------+---------+---------+-------
        D:1 |      46 |       8 |  14.8 |      28 |       5 |  15.2
        D:2 |      66 |       0 |   0.0 |      12 |       0 |   0.0
            +---------+---------+-------+---------+---------+-------
